 Dungeon Crawl Stone Soup version 0.17.1-3-g152610e (webtiles) character file.

5566 grippygecko the Cleaver (level 10, -2/91 HPs)
             Began as a Hill Orc Fighter on Apr 4, 2016.
             Was a Priest of Okawaru.
             Slain by a seven-headed hydra (9 damage)
             ... on level 1 of the Lair of Beasts.
             The game lasted 02:15:24 (11301 turns).

grippygecko the Cleaver (Hill Orc Fighter)         Turns: 11301, Time: 02:15:26

Health: -2/91      AC: 10    Str: 21      XL:     10   Next: 72%
Magic:  19/19      EV: 16    Int:  8 (10) God:    Okawaru [***...]
Gold:   541        SH: 11    Dex: 14 (15) Spells: 1 memorised, 6 levels left

rFire  . . .     SeeInvis .     l - +2 falchion (flame)
rCold  . . .     Clarity  .     b - +1 scale mail
rNeg   . . .     SustAt   .     c - +0 shield
rPois  .         Gourm    .     (no helmet)
rElec  .         Spirit   .     (no cloak)
rCorr  .         Warding  .     R - +0 pair of gloves
rMut   .         Stasis   .     (no boots)
MR     .....                    (no amulet)
Stlth  +++.......               L - ring of stealth
                                z - ring of magical power

@: agile, not resistant to hostile enchantments, fairly stealthy
A: deterioration 1
a: Heroism, Renounce Religion


You were on level 1 of the Lair of Beasts.
You worshipped Okawaru.
Okawaru was most pleased with you.
You were not hungry.

You visited 2 branches of the dungeon, and saw 10 of its levels.
You also visited: Sewer and Ossuary.

You collected 541 gold pieces.

Inventory:

Hand Weapons
 a - a +0 war axe
 f - a cursed -3 mace
 l - a +2 falchion of flaming (weapon)
 o - a +2 whip of venom
 q - a +2 whip of freezing
 s - a +3 dagger of electrocution
 u - a +0 hunting sling
 w - a +0 dagger of protection
 Q - a cursed -1 dagger
 T - a +1 vampiric halberd
Missiles
 d - 7 tomahawks
 h - 78 sling bullets
 m - 16 sling bullets of frost
 r - 256 stones (quivered)
 v - 12 bolts of frost
 B - 18 poisoned needles
 C - 3 throwing nets
Armour
 b - a +1 scale mail (worn)
 c - a +0 shield (worn)
 R - a +0 pair of gloves (worn)
Magical Staves
 O - an uncursed staff of fire {unknown}
Jewellery
 z - a ring of magical power (left hand)
 I - an uncursed ring of flight
 L - a ring of stealth (right hand)
Wands
 F - a wand of fire (7)
 K - a wand of polymorph (16)
Scrolls
 n - a scroll of enchant weapon {unknown}
 t - 3 scrolls of remove curse
 x - a scroll of amnesia
 y - a scroll of recharging {unknown}
 E - 2 scrolls of noise {unknown}
 G - 4 scrolls of fear
 H - 2 scrolls of blinking {unknown}
 P - a scroll of fog {unknown}
 S - 2 scrolls of identify
Potions
 j - 4 potions of flight
 k - a potion of haste
 A - a potion of cancellation {unknown}
 D - a potion of mutation
 J - a potion of berserk rage {unknown}
 M - a potion of agility
Books
 i - a book of Hinderance

   Spells                             Type                      Level
   a - Confusing Touch                Hexes                        2
   b - Confuse                        Hexes                        3
   c - Gell's Gravitas                Hexes/Translocation          3
   d - Petrify                        Transmutation/Earth          4
   e - Metabolic Englaciation         Hexes/Ice                    5
 U - a book of Beasts

   Spells                             Type                      Level
   a - Summon Butterflies             Summoning                    1
   b - Call Canine Familiar           Summoning                    3
   c - Summon Ice Beast               Ice/Summoning                4
   d - Summon Mana Viper              Hexes/Summoning              5
   e - Summon Hydra                   Summoning                    7
Comestibles
 e - 3 bread rations
 g - 4 meat rations
 p - 15 fruits
 N - 9 slices of pizza


   Skills:
 + Level 9.0 Fighting
 + Level 1.0 Short Blades
 + Level 0.2(0.7) Long Blades
 + Level 9.5 Axes
 + Level 1.3(2.5) Slings
 + Level 3.4(3.6) Throwing
 + Level 7.6 Armour
 + Level 5.0 Dodging
 + Level 1.0 Stealth
 + Level 8.2 Shields
 + Level 0.6 Invocations


You had 6 spell levels left.
You knew the following spells:

 Your Spells              Type           Power        Failure   Level  Hunger
a - Confuse               Hex            #.......     100%        3    ####...


Dungeon Overview and Level Annotations

Branches:
Dungeon (9/15)             Temple (0/1) D:6            Lair (1/8) D:9
    Orc: D:9-12

Altars:
Dithmenos
Gozag
Makhleb
Nemelex Xobeh
Okawaru
Qazlal
Ru
Sif Muna
Vehumet
Xom
Yredelemnul
Zin
The Shining One


Innate Abilities, Weirdness & Mutations

Your body sometimes deteriorates upon taking damage.


Message History

Okay, then.
It was a scroll of amnesia.
You block the wolf's attack.
You block the seven-headed hydra's attack.
The seven-headed hydra closely misses you.
The seven-headed hydra bites you.
* * * LOW HITPOINT WARNING * * *
The seven-headed hydra bites you.
* * * LOW HITPOINT WARNING * * *
The seven-headed hydra completely misses you.
The seven-headed hydra barely misses you.
The seven-headed hydra bites you but does no damage.
The yak closely misses you. You block the komodo dragon's attack.
Wield which item (- for none, * to show all)? (? for menu, Esc to quit)
It bursts into flame!
l - a +2 falchion of flaming (weapon)
The wolf completely misses you. The wolf closely misses you.
The seven-headed hydra bites you.
* * * LOW HITPOINT WARNING * * *
The seven-headed hydra bites you!
You die...

...# . ...# ...##
...## #..#P######
....#
.........P##...##
..?.........#...#
......Y.h.......##
......D@lhh.......
......Yhh.........
...Y....<.........
.Y................
............##..#.
...........## ###
..........##
.......#..#
##.###...#


You could see a seven-headed hydra, a komodo dragon, 4 yaks and 5 wolves.

Vanquished Creatures
  A hydra (D:9)
  Pikel (D:4)
  2 yaks (D:9)
  A deep elf mage (D:9)
  Eustachio (D:5)
  A hippogriff (D:9)
  2 basilisks (D:9)
  A sky beast (D:6)
  Purgy (Sewer)
  2 orc warriors
  4 porcupines (D:9)
  2 ogres
  2 phantoms (D:6)
  5 big kobolds
  2 elf zombies (Ossuary)
  A crocodile (D:9)
  2 giant frogs
  2 scorpions
  A killer bee (D:9)
  2 centaur zombies
  4 crimson imps
  A human zombie (Ossuary)
  A centaur skeleton (D:9)
  4 orc priests
  Ijyb (D:2)
  3 hounds
  7 orc wizards
  An iguana (D:7)
  9 worker ants
  4 sheep (D:9)
  A big kobold zombie (Ossuary)
  A hound zombie (D:8)
  2 mummies (Ossuary)
  A worker ant zombie (D:9)
  3 gnolls (D:3)
  9 river rats
  8 adders
  An ooze (D:3)
  2 adder zombies (Ossuary)
  8 giant geckos
  35 orcs
  4 bats
  6 giant cockroaches
  7 hobgoblins
  8 jackals
  22 kobolds
  5 quokkas
  5 ball pythons
  A giant gecko skeleton (D:8)
  6 giant newts
  4 goblins
  2 goblin zombies (Ossuary)
  6 hobgoblin zombies (Ossuary)
  A jackal zombie (Ossuary)
  7 kobold zombies (Ossuary)
  12 orc zombies (Ossuary)
  28 rats
  2 rat zombies (Ossuary)
268 creatures vanquished.

Vanquished Creatures (collateral kills)
  A sky beast (D:5)
1 creature vanquished.

Vanquished Creatures (others)
  2 adders
  A worm (D:4)
3 creatures vanquished.

Grand Total: 272 creatures vanquished

Notes
Turn   | Place    | Note
--------------------------------------------------------------
     0 | D:1      | grippygecko the Hill Orc Fighter began the quest for the Orb.
     0 | D:1      | Reached XP level 1. HP: 19/19 MP: 1/1
   205 | D:1      | Reached XP level 2. HP: 24/27 MP: 2/2
   283 | D:1      | Reached skill level 4 in Fighting
   791 | D:1      | Reached XP level 3. HP: 30/33 MP: 3/3
  1161 | D:2      | Found an opulent altar of Gozag.
  1236 | D:2      | Noticed Ijyb
  1245 | D:2      | Killed Ijyb
  1245 | D:2      | Reached XP level 4. HP: 36/40 MP: 4/4
  2181 | D:3      | Gained mutation: Your body sometimes deteriorates upon taking damage. [potion of mutation]
  2181 | D:3      | Gained mutation: You are clumsy. (Dex -2) [potion of mutation]
  2181 | D:3      | Lost mutation: You are clumsy. (Dex -2) [potion of mutation]
  2190 | D:3      | Reached XP level 5. HP: 32/47 MP: 5/5
  2421 | D:3      | Noticed an ogre
  2426 | D:3      | Killed an ogre
  2426 | D:3      | Reached skill level 5 in Fighting
  2426 | D:3      | Reached skill level 1 in Throwing
  2426 | D:3      | Reached skill level 1 in Dodging
  2426 | D:3      | Reached XP level 6. HP: 38/56 MP: 6/6
  3376 | D:4      | Noticed Pikel
  3411 | D:4      | Killed Pikel
  3411 | D:4      | Reached skill level 5 in Axes
  3411 | D:4      | Reached skill level 5 in Armour
  3411 | D:4      | Reached skill level 5 in Shields
  3411 | D:4      | Reached XP level 7. HP: 25/62 MP: 7/7
  3742 | D:4      | Found a radiant altar of Vehumet.
  3742 | D:4      | Found an iron altar of Okawaru.
  3751 | D:4      | Reached XP level 8. HP: 67/70 MP: 8/8
  3769 | D:4      | Became a worshipper of Warmaster Okawaru
  3821 | D:4      | Found a burning altar of Makhleb.
  4021 | D:4      | Found a shimmering altar of Xom.
  4296 | D:5      | Entered Level 5 of the Dungeon
  4327 | D:5      | Reached skill level 6 in Fighting
  4395 | D:5      | Found a glowing drain.
  4434 | Sewer    | Entered a sewer
  4642 | Sewer    | Noticed Purgy
  4787 | Sewer    | Killed Purgy
  4929 | D:5      | Noticed Eustachio
  4950 | D:5      | Killed Eustachio
  5199 | D:5      | Found a glowing silver altar of Zin.
  5201 | D:5      | Found a sacrificial altar of Ru.
  5201 | D:5      | Found a deep blue altar of Sif Muna.
  5230 | D:5      | Found a shadowy altar of Dithmenos.
  5306 | D:5      | Learned a level 3 spell: Confuse
  5311 | D:5      | Found a basalt altar of Yredelemnul.
  5316 | D:5      | Found a glowing golden altar of the Shining One.
  5382 | D:5      | Noticed an angel
  6100 | D:6      | Reached skill level 1 in Short Blades
  6274 | D:6      | Reached XP level 9. HP: 54/78 MP: 9/9
  6294 | D:6      | Found a stormy altar of Qazlal.
  6663 | D:6      | Found a staircase to the Ecumenical Temple.
  6721 | D:6      | Reached * piety under Okawaru
  7139 | D:7      | Found a sparkling altar of Nemelex Xobeh.
  7565 | D:7      | Reached skill level 7 in Fighting
  7588 | D:7      | Found a sand-covered staircase.
  7592 | Ossuary  | Entered an ossuary
  9418 | D:9      | Reached skill level 8 in Axes
  9831 | D:9      | Reached XP level 10. HP: 68/88 MP: 10/10
  9892 | D:9      | Reached ** piety under Okawaru
  9938 | D:9      | Reached skill level 1 in Slings
 10316 | D:9      | Found a staircase to the Lair.
 10413 | D:9      | Reached skill level 9 in Axes
 10422 | D:9      | Reached skill level 1 in Stealth
 10741 | D:9      | Noticed a three-headed hydra
 10750 | D:9      | Killed a one-headed hydra
 10750 | D:9      | Reached *** piety under Okawaru
 10750 | D:9      | Reached skill level 5 in Dodging
 11281 | Lair:1   | Entered Level 1 of the Lair of Beasts
 11293 | Lair:1   | Noticed a seven-headed hydra
 11301 | Lair:1   | Slain by a seven-headed hydra

Action                   |  1- 3 |  4- 6 |  7- 9 | 10-12 || total
-------------------------+-------+-------+-------+-------++-------
Melee: War axe           |   112 |   166 |   616 |    95 ||   989
       Dagger            |       |       |    27 |       ||    27
       Unarmed           |       |       |     5 |       ||     5
       Falchion          |       |       |       |    15 ||    15
       Whip              |       |       |       |     9 ||     9
 Fire: Hunting sling     |       |       |     8 |     8 ||    16
Throw: Stone             |     8 |    31 |   170 |       ||   209
Invok: Heroism           |       |       |     4 |     2 ||     6
  Use: Potion            |       |     5 |     4 |     6 ||    15
       Scroll            |       |     1 |    15 |     3 ||    19
  Eat: Chunk             |     1 |     5 |     4 |       ||    10
       Bread ration      |       |     1 |     3 |       ||     4
       Beef jerky        |       |       |     2 |       ||     2
       Royal jelly       |       |       |     1 |       ||     1
       Pizza             |       |       |     1 |       ||     1
       Meat ration       |       |       |       |     1 ||     1
